 Dungeon Crawl Stone Soup version 0.29-a0-360-g8ed1089bbe (webtiles) character file.

Game seed: 6283157629212117679

1 thiscave3701365 the Chopper (level 1, 10/20 HPs)
             Began as a Minotaur Berserker on Apr 28, 2022.
             Was a Follower of Trog.
             Quit the game on level 1 of the Dungeon.
             The game lasted 00:00:06 (9 turns).

thiscave3701365 the Chopper (Minotaur Berserker)       Turns: 9, Time: 00:00:07

Health: 10/20      AC:  2    Str: 21    XL:     1   Next: 16%
Magic:  0/0        EV: 12    Int:  4    God:    Trog [*.....]
Gold:   0          SH:  0    Dex:  9    Spells: 0/0 levels left

rFire   . . .      SeeInvis .   a - +0 hand axe
rCold   . . .      Faith    .   (no shield)
rNeg    . . .      Spirit   .   b - +0 animal skin
rPois   .          Reflect  .   (helmet restricted)
rElec   .          Harm     .   (no cloak)
rCorr   .          Rampage  .   (no gloves)
Will    .....                   (no boots)
Stlth   +.........              (no amulet)
HPRegen 0.06/turn               (no ring)
MPRegen 0.07/turn               (no ring)

@: no status effects
A: horns 2, retaliatory headbutt
a: Renounce Religion, Berserk


You were on level 1 of the Dungeon.
You worshipped Trog.
Trog was aware of your devotion.
You visited 1 branch of the dungeon, and saw 1 of its levels.

Inventory:

Hand Weapons
 a - a +0 hand axe (weapon)
Armour
 b - a +0 animal skin (worn)


   Skills:
 + Level 3.6 Fighting
 + Level 3.6 Axes
 + Level 2.4 Armour
 + Level 2.2 Dodging


You couldn't memorise any spells.
You didn't know any spells.
Your spell library was empty.

Dungeon Overview and Level Annotations

Branches:
Dungeon (1/15)

Altars:


Innate Abilities, Weirdness & Mutations

You have a pair of horns on your head.
You reflexively headbutt those who attack you in melee.


Message History

Welcome, thiscave3701365 the Minotaur Berserker.
Everyone else who sought the Orb of Zot has failed.
Will you be different?
Trog says: Kill them all!
Press ? for a list of commands and other information.
Found a staircase leading out of the dungeon.
You open the large door.
A hobgoblin comes into view.
A hobgoblin comes into view.
The hobgoblin shouts! x2
There is a large open door here.
There are monsters nearby!
Unknown command.
There are monsters nearby!
The hobgoblin misses you. The hobgoblin barely misses you.
There is a large open door here.
There are monsters nearby!
You hit the hobgoblin.
The hobgoblin is moderately wounded.
You hit the hobgoblin. The hobgoblin hits you. x2
Unknown command.
There are monsters nearby!
You hit the hobgoblin.
You kill the hobgoblin!
Trog accepts your kill.
You barely miss the hobgoblin. The hobgoblin hits you.
A hobgoblin is nearby!
You closely miss the hobgoblin.
The hobgoblin is lightly wounded.
The hobgoblin hits you.
Unknown command.
A hobgoblin is nearby!
You are too injured to fight recklessly!
You are too injured to fight recklessly!
Are you sure you want to abandon this character and quit the game? (Confirm with "yes".)

##.........##
#...........##
##............#
+8.....<.......
#+............#
#...........##
##.........##
####8'8####
##@##
#...§§(g....#
#≈≈≈§....≈≈≈#
###≈≈≈≈≈≈≈###
####+####


You could see a hobgoblin.

Vanquished Creatures
  A hobgoblin (D:1)
1 creature vanquished.

Notes
Turn   | Place    | Note
-------+----------+-------------------------------------------
     0 | D:1      | thiscave3701365 the Minotaur Berserker began the quest for
                  | the Orb.
     0 | D:1      | Reached XP level 1. HP: 19/19 MP: 0/0
     9 | D:1      | Quit the game

Illustrated notes

Levels and vault maps discovered:
D:1:      dpeg_arrival_morbid_curiosity, layout_basic

Action                   || total
-------------------------++-------
Melee: Hand axe          ||     3
Dodge: Dodged            ||     2

Table legend: (Time is in decaauts)
 A = Elapsed time spent in this place.
 B = Non-inter-level travel time spent in this place.
 C = Inter-level travel time spent in this place.
 D = Time resting spent in this place.
 E = Time spent auto-exploring this place.
 F = Levels seen in this place.
 G = Mean time per level.
                   A        B        C        D        E       F      G
               +--------+--------+--------+--------+--------+-----+--------+
         Total |      9 |      9 |      0 |      0 |      3 |   1 |    9.0 |
       Dungeon |      9 |      9 |      0 |      0 |      3 |   1 |    9.0 |
               +--------+--------+--------+--------+--------+-----+--------+

Top non-repeatable levels by time:
     D:1: 9 daAuts
